 Seeded DCSS version 0.29.1-14-g9c671dbff4 (webtiles) character file.

Game seed: 9529714651559989746 (custom seed)

6209 valliere the Martial Artist (level 10, -2/83 HPs)
             Began as a Green Draconian Transmuter on Feb 19, 2023.
             Was a Priest of Cheibriados.
             Killed from afar by a white imp (4 damage)
             ... with a puff of frost
             ... summoned by a kobold demonologist
             ... on level 9 of the Dungeon.
             The game lasted 00:31:24 (9567 turns).

valliere the Martial Artist (DrTm)                  Turns: 9567, Time: 00:31:27

Health: -2/83      AC: 10    Str: 20    XL:     10   Next: 61%
Magic:  18/18      EV: 19    Int: 29    God:    Cheibriados [***...]
Gold:   1438       SH:  0    Dex: 20    Spells: 7/19 levels left

rFire   + + .      SeeInvis .     - Unarmed
rCold   . . .      Faith    .   (no shield)
rNeg    + . .      Spirit   .   (body armour unavailable)
rPois   +          Reflect  .   H - +1 hat {Int+3}
rElec   .          Harm     .   h - +0 cloak {rCorr}
rCorr   +          Rampage  .   D - +0 pair of gloves
Will    .....                   (no boots)
Stlth   +++.......              (no amulet)
HPRegen 0.23/turn               n - +4 ring of evasion
MPRegen 0.16/turn               k - ring of Cimy {rF++ rN+ Stlth+}

@: very slow
A: breathe noxious fumes, AC +7, unfitting armour, poison resistance,
cold-blooded
a: Breathe Noxious Fumes, Renounce Religion, Bend Time, Temporal Distortion


You were on level 9 of the Dungeon.
You worshipped Cheibriados.
Cheibriados was most pleased with you.
You visited 2 branches of the dungeon, and saw 10 of its levels.

You collected 1438 gold pieces.

Inventory:

Armour
 h - a +0 cloak of preservation (worn)
 D - a +0 pair of gloves (worn)
 H - a +1 hat of intelligence (worn)
Jewellery
 c - a ring of protection from fire
 k - the ring of Cimy (right hand) {rF++ rN+ Stlth+}
   (You acquired it on level 1 of the Dungeon)

   [ring of positive energy]

   rF:        It greatly protects you from fire.
   rN:        It protects you from negative energy.
   Stlth:     It makes you more stealthy.
 n - a +4 ring of evasion (left hand)
 v - an amulet of reflection
Wands
 d - a wand of flame (9)
 y - a wand of charming (21)
 A - a wand of roots (8)
 B - a wand of polymorph (10)
 F - a wand of quicksilver (24)
Scrolls
 b - a scroll of torment {unknown}
 f - 4 scrolls of poison
 i - 2 scrolls of noise {unknown}
 j - a scroll of fear {unknown}
 l - 3 scrolls of magic mapping
 q - 3 scrolls of immolation
 t - a scroll of blinking {unknown}
 u - 2 scrolls of teleportation
 x - 3 scrolls of vulnerability
 C - a scroll of enchant armour {unknown}
 G - a scroll of amnesia {unknown}
 I - 2 scrolls of enchant weapon {unknown}
Potions
 a - 3 potions of lignification
 e - a potion of invisibility {unknown}
 g - 4 potions of curing
 m - a potion of attraction {unknown}
 o - 4 potions of flight
 p - a potion of might {unknown}
 r - a potion of heal wounds
 s - 4 potions of ambrosia {unknown}
 w - 2 potions of brilliance {unknown}
 z - a potion of mutation {unknown}


   Skills:
 + Level 5.9 Fighting
 + Level 5.3 Dodging
 * Level 8.4 Unarmed Combat
 + Level 5.3 Spellcasting
 * Level 8.0 Transmutations
 + Level 3.2 Ice Magic
 + Level 3.3 Earth Magic
 + Level 5.4 Poison Magic


You had 7 spell levels left.
You knew the following spells:

 Your Spells              Type           Power      Damage    Failure   Level
a - Beastly Appendage     Tmut           100%       N/A       1%          1
b - Spider Form           Tmut/Pois      47%        N/A       1%          3
c - Petrify               Tmut/Erth      40%        N/A       6%          4
d - Olgreb's Toxic Radia  Pois           39%        N/A       6%          4

Your spell library contained the following spells:

 Spells                   Type           Power      Damage    Failure   Level
 Sting                    Tmut/Pois      100%       1d8       1%          1
 Wereblood                Tmut           53%        N/A       1%          2
 Poisonous Vapours        Pois/Air       46%        N/A       3%          2
 Magic Dart               Conj           28%        1d4       6%          1
 Shock                    Conj/Air       28%        1d4       6%          1
 Ice Form                 Ice/Tmut       40%        N/A       6%          4
 Blink                    Tloc           14%        N/A       9%          2
 Searing Ray              Conj           14%        2d5       9%          2
 Sublimation of Blood     Necr           7%         N/A       9%          2
 Mephitic Cloud           Conj/Pois/Air  18%        N/A       9%          3
 Lesser Beckoning         Tloc           7%         N/A       19%         3
 Swiftness                Air            7%         N/A       19%         3
 Corpse Rot               Necr/Pois/Air  18%        N/A       28%         4
 Irradiate                Conj/Tmut      15%        3d16      32%         5
 Airstrike                Air            3%         2d(1-17)  52%         4
 Fulminant Prism          Conj/Hex       3%         3d6       52%         4
 Freezing Cloud           Conj/Ice/Air   7%         6-21      71%         5
 Manifold Assault         Tloc           7%         N/A       86%         5
 Silence                  Hex/Air        3%         N/A       86%         5
 Storm Form               Tmut/Air       15%        N/A       100%        7
 Maxwell's Capacitive Co  Air            3%         ∞         100%        8
 Chain Lightning          Conj/Air       3%         3d4       100%        9


Dungeon Overview and Level Annotations

Branches:
Dungeon (9/15)             Temple (1/1) D:4
   Lair: D:8-11         Orc: D:9-12

Altars:
Ashenzari
Cheibriados
Dithmenos
Elyvilon
Fedhas
Gozag
Hepliaklqana
Kikubaaqudgha
Makhleb
Nemelex Xobeh
Okawaru
Qazlal
Ru
Sif Muna
Trog
Uskayaw
Vehumet
Wu Jian
Xom
Yredelemnul
Zin
The Shining One

Shops:
D:1 *

Annotations:
D:3 3 runed translucent doors, Mickster's ghost, weakling DgWn


Innate Abilities, Weirdness & Mutations

You can breathe blasts of noxious fumes.
Your lurid green scales are hard. (AC +7)
You cannot fit into any form of body armour.
Your system is resistant to poisons. (rPois)
You are cold-blooded and may be slowed by cold attacks.


Message History

The sun demon closely misses you. The shadow imp barely misses you.
Unknown command.
You completely miss the kobold demonologist.
The kobold demonologist is almost dead.
The iron imp disappears in a puff of smoke!
The shadow imp disappears in a puff of smoke!
The centaur hits you. The centaur closely misses you.
The white imp gestures at you. The puff of frost hits you.
The kobold demonologist misses you. The sun demon hits you.
You are engulfed in flames.
You resist.
Unknown command.
Unknown command.
You hit the kobold demonologist but do no damage.
The kobold demonologist is almost dead.
The centaur barely misses you.
The centaur kicks you but does no damage.
The ufetubus completely misses you. The ufetubus barely misses you.
The white imp barely misses you.
The kobold demonologist hits you but does no damage.
You closely miss the kobold demonologist.
The kobold demonologist is almost dead.
The sun demon hits you but does no damage.
The ufetubus hits you. The ufetubus completely misses you.
The white imp misses you. The centaur completely misses you.
The centaur closely misses you.
Unknown command.
You barely miss the kobold demonologist.
The kobold demonologist is almost dead.
You have got your breath back.
The ufetubus closely misses you.
The ufetubus hits you but does no damage.
The sun demon hits you!!
* * * LOW HITPOINT WARNING * * *
You are engulfed in flames.
You resist.
* * * LOW HITPOINT WARNING * * *
The kobold demonologist completely misses you.
The centaur completely misses you. The centaur barely misses you.
The white imp gestures at you. The puff of frost hits you.
You die...

.... .... .....
##########.....
#..............
#.............
#####.....5§3.#
.<........c@55#..
............K§.....
..####'#######'###
#.....## ..
##.....## .
##.....## ##.....##
.. ##.....#
...#...# ...
###'### #


You could see a sun demon (summoned), a kobold demonologist, a centaur
(confused), an iron imp (summoned), a white imp (summoned) and an ufetubus
(summoned).

Vanquished Creatures
  Gastronok (D:8)
  Erica (D:8)
  Pikel (D:6)
  Prince Ribbit (D:5)
  Sigmund (D:2)
  4 yaks (D:8)
  3 steam dragons (D:7)
  Duvessa (D:4)
  2 orc warriors (D:9)
  2 sky beasts (D:7)
  A black bear (D:5)
  2 phantoms
  2 centaurs (D:7)
  A lemure (D:6)
  Blork the orc (D:6)
  3 kobold brigands
  4 bullfrogs
  A gnoll sergeant (D:8)
  A scorpion (D:5)
  Dowan (D:4)
  8 killer bees (D:9)
  2 howler monkeys (D:9)
  5 hounds
  3 orc priests
  5 jellies
  3 orc wizards
  Natasha (thrice) (D:2)
  An iguana (D:7)
  7 gnolls
  10 adders
  A shadow imp (D:6)
  A white imp (D:6)
  An ufetubus (D:4)
  3 worms
  2 dart slugs (D:1)
  11 orcs
  7 bats
  5 endoplasms
  4 giant cockroaches
  5 goblins
  7 hobgoblins
  4 jackals (D:1)
  26 kobolds
  6 quokkas
  7 ball pythons
  4 frilled lizards
  10 rats
185 creatures vanquished.

Vanquished Creatures (others)
  A centaur (D:9)
1 creature vanquished.

Grand Total: 186 creatures vanquished

Notes
Turn   | Place    | Note
-------+----------+-------------------------------------------
     0 | D:1      | valliere the Draconian Transmuter began the quest for the
                  | Orb.
     0 | D:1      | Reached XP level 1. HP: 16/16 MP: 3/3
   367 | D:1      | Reached XP level 2. HP: 21/23 MP: 3/5
   614 | D:1      | Found Balubi's Assorted Antiques.
   657 | D:1      | Reached XP level 3. HP: 17/28 MP: 4/6
   785 | D:1      | You fall into a shaft and drop 1 floor!
   833 | D:2      | Found a faded altar of an unknown god.
   912 | D:2      | Noticed Natasha
   924 | D:2      | Killed Natasha
  1045 | D:2      | Reached XP level 4. HP: 36/36 MP: 5/7
  1478 | D:1      | Identified 4 scrolls of acquirement
  1478 | D:1      | Acquired 900 gold pieces
  1480 | D:1      | Acquired a book of Alchemy
  1482 | D:1      | Acquired the ring of Cimy {rF++ rN+ Stlth+}
  1502 | D:2      | Noticed Sigmund
  1508 | D:2      | Learned a level 3 spell: Spider Form
  1522 | D:2      | Killed Sigmund
  1523 | D:2      | Reached XP level 5. HP: 37/42 MP: 5/9
  1701 | D:2      | Reached XP level 6. HP: 49/50 MP: 8/10
  1746 | D:2      | Noticed Natasha
  1757 | D:2      | Killed Natasha
  2044 | D:2      | Noticed Natasha
  2053 | D:2      | Killed Natasha
  2541 | D:3      | Found a runed translucent gate.
  2541 | D:3      | Found a runed translucent gate.
  2542 | D:3      | Found a runed translucent gate.
  2546 | D:3      | Noticed Mickster's ghost (weakling DgWn)
  2548 | D:3      | Identified the +4 mace of Wamoudyde {distort, rN+}
  2548 | D:3      | Identified the +2 scale mail "Ypug" {rF+ Stlth+}
  2808 | D:3      | Identified the +6 short sword "Ivotuko" {vorpal, *Noise rF+
                  | Int+2 SInv}
  3380 | D:4      | Noticed Duvessa
  3380 | D:4      | Noticed Dowan
  3590 | D:4      | Killed Duvessa
  3591 | D:4      | Reached skill level 5 in Unarmed Combat
  3591 | D:4      | Your scales start taking on a lurid green colour.
  3591 | D:4      | Reached XP level 7. HP: 48/57 MP: 9/11
  3591 | D:4      | Gained mutation: Your system is resistant to poisons.
                  | (rPois) [Green Draconian growth]
  3607 | D:4      | Killed Dowan
  3773 | D:4      | Found a staircase to the Ecumenical Temple.
  3781 | Temple   | Entered the Ecumenical Temple
  3910 | Temple   | Became a worshipper of Cheibriados the Contemplative
  4384 | D:5      | Entered Level 5 of the Dungeon
  4512 | D:5      | Noticed Prince Ribbit
  4526 | D:5      | Reached skill level 1 in Poison Magic
  4540 | D:5      | Killed Prince Ribbit
  4541 | D:5      | Reached skill level 5 in Transmutations
  4597 | D:5      | Reached XP level 8. HP: 66/66 MP: 11/13
  4652 | D:5      | Found a hide-covered altar of Uskayaw.
  4782 | D:5      | Reached * piety under Cheibriados
  5265 | D:5      | Found a glowing silver altar of Zin.
  5266 | D:5      | Found a white marble altar of Elyvilon.
  5266 | D:5      | Found a hazy altar of Hepliaklqana.
  5268 | D:5      | Found an ancient bone altar of Kikubaaqudgha.
  5270 | D:5      | Found a shadowy altar of Dithmenos.
  5270 | D:5      | Found a blossoming altar of Fedhas.
  6017 | D:6      | Noticed Pikel
  6030 | D:6      | Killed Pikel
  6583 | D:6      | Noticed Blork the orc
  6595 | D:6      | Killed Blork the orc
  6728 | D:6      | Reached XP level 9. HP: 70/72 MP: 13/15
  7237 | D:7      | Reached skill level 1 in Ice Magic
  7237 | D:7      | Reached skill level 1 in Earth Magic
  7242 | D:7      | Learned a level 4 spell: Petrify
  7247 | D:7      | Reached ** piety under Cheibriados
  7635 | D:7      | Reached skill level 5 in Fighting
  8275 | D:8      | Noticed Erica
  8288 | D:8      | Killed Erica
  8289 | D:8      | Reached skill level 5 in Dodging
  8289 | D:8      | Reached skill level 5 in Spellcasting
  8289 | D:8      | Reached XP level 10. HP: 38/81 MP: 17/17
  8679 | D:8      | Noticed Gastronok
  8703 | D:8      | Killed Gastronok
  8704 | D:8      | Reached skill level 5 in Poison Magic
  8867 | D:8      | Acquired Sif Muna's Vellum of the Lungs
  8869 | D:8      | Acquired a +0 cloak of preservation
  8888 | D:8      | Reached *** piety under Cheibriados
  9008 | D:8      | Found a stormy altar of Qazlal.
  9155 | D:9      | Learned a level 4 spell: Olgreb's Toxic Radiance
  9559 | D:9      | Noticed a sun demon
  9567 | D:9      | HP: 2/83 [sun demon[a kobold demonologist] (6)]
  9567 | D:9      | Killed from afar by a white imp

Illustrated notes

Levels and vault maps discovered:
D:1:      minmay_arrival_four_circles, layout_basic, serial_shops,
          nicolae_shop_trees, nicolae_eternal_life, st_stairs_1,
          minmay_small_reverse_x
D:2:      layout_rooms, hellmonk_ecumenical_altar_zigzags, serial_corexii_hall,
          chequers_hall_statues_y, corexii_hall_statues_l, uniq_natasha,
          uniq_sigmund
D:3:      layout_basic, biasface_ghost_orc_armoury
D:4:      layout_basic, minmay_temple_entry_arrows, uniq_duvessa
D:5:      layout_basic, grunt_temple_overflow_open, nicolae_ossuary_entry_plus,
          uniq_prince_ribbit1
D:6:      layout_basic, uniq_blork_the_orc, uniq_pikel
D:7:      layout_basic
D:8:      layout_basic, lemuel_tele_altar, uniq_erica, uniq_gastronok
D:9:      layout_gridville, minivault_16, minmay_quadrilaterals, uniq_maurice,
          uniq_psyche
Temple:   nicolae_temple_superstar

Skill      XL: |  1  2  3  4  5  6  7  8  9 10 |
---------------+-------------------------------+-----
Dodging        | 2 3 4 5 |  5.3
Fighting       | 2 3 4 5 |  5.9
Unarmed Combat | 4 5 6 7 8 |  8.4
Transmutations | 3 4 5 6 7 8 |  8.0
Spellcasting   | 3 4 5 |  5.3
Poison Magic   | 1 3 4 5 |  5.4
Ice Magic      | 2 3 |  3.2
Earth Magic    | 2 3 |  3.3

Action                   |  1- 3 |  4- 6 |  7- 9 | 10-12 || total
-------------------------+-------+-------+-------+-------++-------
Melee: Unarmed           |    73 |   159 |   257 |    94 ||   583
       Kick              |    18 |    12 |    57 |    17 ||   104
       Tailslap          |     8 |    12 |    35 |    13 ||    68
       Punch             |     1 |     2 |    13 |     6 ||    22
       Headbutt          |     4 |    11 |    36 |     9 ||    60
 Cast: Beastly Appendage |    11 |    22 |    28 |     6 ||    67
       Spider Form       |       |     5 |     3 |     1 ||     9
       Olgreb's Toxic Ra |       |       |       |     1 ||     1
 Abil: Breathe Noxious F |       |       |    26 |     9 ||    35
  Use: Scroll            |       |     3 |       |    11 ||    14
 Stab: Sleeping          |       |    12 |     6 |       ||    18
       Confused          |       |       |    16 |     5 ||    21
Armor: Skin              |    27 |    24 |    28 |    26 ||   105
Dodge: Dodged            |    51 |    95 |   188 |   129 ||   463
